[Event "Titled Tuesday Blitz October 31 Late 2023"]
[White "victormago"]
[Black "Andreassen, Lars"]
[BlackFideId "1504878"]
[WhiteElo "2421"]
[BlackElo "2107"]
[Result "0-1"]
[Round "2"]
[TimeControl "180+1"]
[Date "2023.10.31"]
[WhiteClock "0:01:52"]
[BlackClock "0:02:27"]
[Board "163"]

1. d4 d5 2. c4 e6 3. Nc3 c5 4. cxd5 cxd4 5. Qxd4 Nc6 6. Qd1 exd5 7. Qxd5 Bd7 8. Nf3 Nf6 9. Qd1 Bc5 10. e3 Qe7 11. Be2 O-O-O 12. Qb3 Be6 13. Qa4 g5 14. Nxg5 Bd7 15. Qb3 Rhg8 16. h4 h6 17. Nge4 Nxe4 18. Nxe4 Qxe4 0-1


[Site "https://www.chess.com"]

[Event "Titled Tuesday Blitz October 31 Late 2023"]
[White "Figorito, Nick"]
[Black "miraitrunks"]
[WhiteFideId "30923689"]
[WhiteElo "2420"]
[BlackElo "2085"]
[Result "1-0"]
[Round "2"]
[TimeControl "180+1"]
[Date "2023.10.31"]
[WhiteClock "0:02:55"]
[BlackClock "0:02:50"]
[Board "164"]

1. Nf3 c5 2. g3 d5 3. Bg2 Nc6 4. d4 cxd4 5. Nxd4 Nf6 6. O-O e5 7. Nxc6 bxc6 8. c4 Be6 9. Nc3 Bb4 10. cxd5 Bxc3 11. dxe6 1-0


[Site "https://www.chess.com"]

[Event "Titled Tuesday Blitz October 31 Late 2023"]
[White "Michalski, Olaf"]
[Black "Vasudeva, Tanuj"]
[WhiteFideId "1106740"]
[BlackFideId "2035863"]
[WhiteElo "2082"]
[BlackElo "2418"]
[Result "1-0"]
[Round "2"]
[TimeControl "180+1"]
[Date "2023.10.31"]
[WhiteClock "0:00:18"]
[BlackClock "0:00:58"]
[Board "165"]

1. d4 f5 2. g3 Nf6 3. Bg2 g6 4. c3 Bg7 5. Qb3 c6 6. Nd2 Qc7 7. Nc4 d6 8. Nf3 Be6 9. a4 O-O 10. Ng5 Bxc4 11. Qxc4+ d5 12. Qb3 Qd7 13. O-O Na6 14. Bf4 Rad8 15. Be5 c5 16. Qb5 cxd4 17. Qxd7 Rxd7 18. cxd4 Rc8 19. Rfc1 Rc4 20. Bxd5+ Nxd5 21. Rxc4 Nb6 22. Rc3 Nb4 23. a5 Bxe5 24. axb6 Bxd4 25. Rc8+ Kg7 26. Ne6+ Kf6 27. Nxd4 axb6 28. Nf3 Nc6 29. Rh8 Kg7 30. Raa8 h6 31. Rag8+ Kf7 32. Rf8+ Kg7 33. Rfg8+ Kf7 34. Ra8 Rd1+ 35. Kg2 Kg7 36. h4 Nb4 37. Ne5 Nc2 38. Rag8+ Kf6 39. f4 Ne3+ 40. Kf3 1-0


[Site "https://www.chess.com"]

[Event "Titled Tuesday Blitz October 31 Late 2023"]
[White "Oliveira, Tiago Batista"]
[Black "Zakarian, David"]
[WhiteFideId "2108291"]
[BlackFideId "13301276"]
[WhiteElo "2049"]
[BlackElo "2417"]
[Result "0-1"]
[Round "2"]
[TimeControl "180+1"]
[Date "2023.10.31"]
[WhiteClock "0:00:00"]
[BlackClock "0:00:40"]
[Board "166"]

1. d4 Nf6 2. c4 e6 3. Nf3 b6 4. g3 Bb7 5. Bg2 Be7 6. O-O O-O 7. Nc3 Ne4 8. Qc2 Nxc3 9. bxc3 f5 10. Rd1 Be4 11. Qb3 d6 12. c5 Nd7 13. Qxe6+ Kh8 14. cxd6 Bxd6 15. Ng5 Bxg2 16. Kxg2 Qe8 17. Qc4 Nf6 18. Ne6 Rf7 19. Bf4 Re7 20. d5 Rc8 21. Bxd6 cxd6 22. Qd4 Nd7 23. Rd2 Nc5 24. Nf4 Ne4 25. Rd3 Re5 26. f3 Nf6 27. Ne6 Rxd5 28. Qe3 Re5 29. Qg5 Qxe6 30. e4 fxe4 31. f4 Rxg5 0-1


[Site "https://www.chess.com"]

[Event "Titled Tuesday Blitz October 31 Late 2023"]
[White "Kovalevsky, Stanislav"]
[Black "Sailer, Mike"]
[WhiteFideId "13508598"]
[BlackFideId "2012901"]
[WhiteElo "2417"]
[BlackElo "2048"]
[Result "1/2-1/2"]
[Round "2"]
[TimeControl "180+1"]
[Date "2023.10.31"]
[WhiteClock "0:00:17"]
[BlackClock "0:00:09"]
[Board "167"]

1. e4 g6 2. c4 c5 3. Nc3 Bg7 4. h4 h5 5. Nf3 d6 6. d3 Nc6 7. a3 Bg4 8. Be2 e6 9. Rb1 a5 10. Bg5 Qd7 11. Qd2 Nge7 12. Nb5 Bxf3 13. gxf3 Nd4 14. Nxd4 Bxd4 15. O-O Nc6 16. Bd1 a4 17. Kg2 Bg7 18. b4 axb3 19. Rxb3 Nd4 20. Rb6 Rxa3 21. Qb2 Ra7 22. Bc2 O-O 23. Rb1 Nxf3 24. Bf6 Nd4 25. Bxg7 Kxg7 26. Bd1 Rb8 27. f4 Kg8 28. Ra1 Rxa1 29. Qxa1 Qe7 30. Qa7 Qc7 31. Bf3 Nxf3 32. Kxf3 Kg7 33. Kg3 Kg8 34. Kf3 Kg7 35. Qa5 Qe7 36. Qa7 Qc7 1/2-1/2


[Site "https://www.chess.com"]

[Event "Titled Tuesday Blitz October 31 Late 2023"]
[White "leonidsh29"]
[Black "ChessLebaneseSalah"]
[WhiteElo "2037"]
[BlackElo "2415"]
[Result "0-1"]
[Round "2"]
[TimeControl "180+1"]
[Date "2023.10.31"]
[WhiteClock "0:00:00"]
[BlackClock "0:00:05"]
[Board "168"]

1. d4 d5 2. c4 c6 3. Nf3 Nf6 4. Nc3 e6 5. Bg5 Nbd7 6. e3 Qa5 7. Bxf6 Nxf6 8. Bd3 Bd6 9. O-O O-O 10. Qe2 Re8 11. e4 dxc4 12. Bxc4 e5 13. Ng5 Re7 14. d5 h6 15. Nf3 Bg4 16. dxc6 bxc6 17. h3 Bh5 18. Bb3 Bb4 19. Rac1 Rd8 20. Rfd1 Red7 21. Rxd7 Rxd7 22. g4 Nxg4 23. hxg4 Bxg4 24. Rd1 Rxd1+ 25. Qxd1 Bxc3 26. bxc3 Qc7 27. Qd3 Qe7 28. Kf1 Qf6 29. Kg2 h5 30. Bd1 h4 31. Ng1 Be6 32. Qf3 Qg6+ 33. Kh2 f6 34. Nh3 Qf7 35. Qh5 Qd7 36. Bf3 Bxh3 37. Qxh4 Be6 38. Bh5 Bxa2 39. Bg6 Kf8 40. Qh8+ Bg8 41. Bh7 Qf7 42. Bxg8 Qxg8 43. Qh3 Qf7 44. Qc8+ Qe8 45. Qb7 Qe7 46. Qxc6 Kf7 47. Qa6 Qc7 48. Qa3 Kg6 49. Qa6 Qb6 50. Qc8 Qxf2+ 51. Kh1 Qf3+ 52. Kh2 Qxe4 53. Qf5+ Qxf5 54. Kg3 Qc2 0-1


[Site "https://www.chess.com"]

[Event "Titled Tuesday Blitz October 31 Late 2023"]
[White "Freeeeeeeeeeeeeeeeee"]
[Black "Makaraci, Tunahan"]
[BlackFideId "6356559"]
[WhiteElo "2027"]
[BlackElo "2413"]
[Result "0-1"]
[Round "2"]
[TimeControl "180+1"]
[Date "2023.10.31"]
[WhiteClock "0:00:01"]
[BlackClock "0:01:05"]
[Board "169"]

1. e4 Nf6 2. e5 Nd5 3. Nf3 d6 4. exd6 cxd6 5. d4 g6 6. Be2 Bg7 7. O-O O-O 8. c4 Nb6 9. Nc3 Bg4 10. b3 d5 11. c5 Nc8 12. h3 Bxf3 13. Bxf3 e6 14. Be3 Nc6 15. a3 N8e7 16. b4 Nf5 17. Ne2 Qf6 18. Qa4 Nh4 19. Bg4 h5 20. b5 Ne7 21. f3 Bh8 22. g3 hxg4 23. gxh4 gxf3 24. Bg5 Qf5 25. Ng3 Qxh3 26. Rxf3 Nf5 27. Kf2 Qh2+ 28. Ke1 Nxg3 29. Bf4 Qh1+ 30. Kf2 Ne4+ 31. Ke3 0-1


[Site "https://www.chess.com"]

[Event "Titled Tuesday Blitz October 31 Late 2023"]
[White "Todorovic, Bojan"]
[Black "Desideri, Ricardo Maruchi"]
[WhiteFideId "917087"]
[BlackFideId "2110440"]
[WhiteElo "2412"]
[BlackElo "1950"]
[Result "1/2-1/2"]
[Round "2"]
[TimeControl "180+1"]
[Date "2023.10.31"]
[WhiteClock "0:00:08"]
[BlackClock "0:00:14"]
[Board "170"]

1. Nf3 Nf6 2. c4 g6 3. Nc3 Bg7 4. d4 c5 5. d5 e6 6. e4 exd5 7. cxd5 d6 8. h3 O-O 9. Bd3 Na6 10. O-O Nb4 11. Bb1 Re8 12. a3 Na6 13. Bf4 Nc7 14. a4 b6 15. Re1 a6 16. Bd3 Rb8 17. e5 dxe5 18. Bxe5 Nfxd5 19. Bxg7 Kxg7 20. Ne4 h6 21. Bc4 Be6 22. a5 b5 23. Bf1 c4 24. Nd4 Nf4 25. Nc5 Qf6 26. Ne4 Qd8 27. Nc5 Qd5 28. Ndxe6+ Nfxe6 29. Qxd5 Nxd5 30. Rad1 Ndc7 31. Nd7 Rbd8 32. Ne5 Rxd1 33. Rxd1 Rd8 34. Rxd8 Nxd8 35. Nd7 Nde6 36. Nb8 Kf6 37. Be2 Ke5 38. Bf3 Kd4 39. Bb7 Kd3 40. Nxa6 Nxa6 41. Bxa6 c3 42. bxc3 Kc4 43. Bb7 Kxc3 44. a6 Nc7 45. a7 b4 46. a8=Q Nxa8 47. Bxa8 f5 48. Bd5 b3 49. f4 b2 50. Ba2 Kc2 51. Kf2 b1=Q 52. Bxb1+ Kxb1 53. Ke3 Kc2 54. g4 Kc3 55. h4 Kc4 56. h5 gxh5 57. g5 hxg5 58. fxg5 Kd5 59. Kf4 Ke6 60. g6 Kf6 61. g7 Kxg7 62. Kxf5 h4 63. Kg4 h3 64. Kxh3 1/2-1/2


[Site "https://www.chess.com"]

[Event "Titled Tuesday Blitz October 31 Late 2023"]
[White "Souza Santos, Carlos Roberto"]
[Black "Rodrigues, Bruno Morado"]
[WhiteFideId "2150603"]
[BlackFideId "2115654"]
[WhiteElo "1915"]
[BlackElo "2410"]
[Result "0-1"]
[Round "2"]
[TimeControl "180+1"]
[Date "2023.10.31"]
[WhiteClock "0:00:00"]
[BlackClock "0:00:25"]
[Board "171"]

1. e4 c5 2. Nf3 Nc6 3. d3 g6 4. g3 Bg7 5. Bg2 e6 6. O-O Nge7 7. c3 O-O 8. Nbd2 d5 9. Re1 dxe4 10. dxe4 b6 11. Qe2 Bb7 12. Nf1 Qc8 13. h4 Ba6 14. Qc2 Rd8 15. Bf4 Bd3 16. Qc1 b5 17. N1h2 h5 18. Ng5 b4 19. Bh3 Qa6 20. Nhf3 bxc3 21. bxc3 Qc4 22. Bd2 Rab8 23. Bf1 Bxf1 24. Rxf1 f6 25. Nh3 Qxe4 26. Nh2 Ne5 27. Re1 Qf5 28. Kg2 Nd3 29. Qa3 Nxe1+ 30. Bxe1 Nc6 31. Nf3 Qe4 32. Bd2 Rxd2 33. Re1 Qd5 34. Nf4 Qd7 35. Qxc5 Rd6 36. Qc4 Kh7 37. Qe2 e5 38. Nh3 Rd3 39. Nfg5+ fxg5 40. Nxg5+ Kh8 41. Qe4 Qd5 42. Qxd5 Rxd5 43. Ne4 Rb2 44. Rf1 Rxa2 45. Kf3 Rd3+ 46. Kg2 Re2 47. Ng5 Rxc3 48. Nh3 Rcc2 49. Ng5 Nd4 50. Nh3 Nf5 51. Ng5 Ne3+ 52. Kf3 Nxf1 53. Ne4 Rxf2+ 54. Nxf2 Rxf2+ 55. Kxf2 Nxg3 56. Kxg3 a5 57. Kf3 a4 58. Ke4 a3 59. Kd5 a2 60. Ke6 a1=Q 61. Kf7 Qd4 62. Kxg6 Qxh4 63. Kf7 Qf6+ 64. Ke8 e4 65. Kd7 e3 66. Kc7 e2 67. Kc8 e1=Q 68. Kb7 Qfc3 0-1


[Site "https://www.chess.com"]

[Event "Titled Tuesday Blitz October 31 Late 2023"]
[White "Rodriguez, Santiago"]
[Black "Gyulamiryan-koryun"]
[WhiteFideId "3000591"]
[WhiteElo "2408"]
[BlackElo "1910"]
[Result "1-0"]
[Round "2"]
[TimeControl "180+1"]
[Date "2023.10.31"]
[WhiteClock "0:01:41"]
[BlackClock "0:00:41"]
[Board "172"]

1. d4 Nf6 2. Bg5 e6 3. e4 Be7 4. e5 Nd5 5. Bd2 O-O 6. Bd3 f5 7. c4 Nb6 8. Nc3 d5 9. cxd5 Nxd5 10. Nf3 Nc6 11. a3 h6 12. O-O a6 13. Rc1 Qd7 14. Qb3 Na5 15. Qa2 c5 16. Nxd5 Qxd5 17. Qxd5 exd5 18. Bxa5 c4 19. Be2 b5 20. Nd2 f4 21. Bf3 Be6 22. Nb1 g5 23. Nc3 g4 24. Bxd5 Bxd5 25. Nxd5 Bg5 26. f3 h5 27. Nc7 Ra7 28. Ne6 Rf5 29. Nxg5 Rxg5 30. fxg4 Rxg4 31. e6 Re7 32. d5 h4 33. d6 Reg7 34. d7 Rxg2+ 35. Kh1 Rxb2 36. d8=Q+ Kh7 37. Qxh4+ Kg8 38. Bc3 Rxh2+ 39. Kxh2 Rh7 40. Qxh7+ Kxh7 41. Rg1 1-0


[Site "https://www.chess.com"]

[Event "Titled Tuesday Blitz October 31 Late 2023"]
[White "Nihal Sarin"]
[Black "Schnaider, Ilan"]
[WhiteFideId "25092340"]
[BlackFideId "169013"]
[WhiteElo "3129"]
[BlackElo "2740"]
[Result "1-0"]
[Round "3"]
[TimeControl "180+1"]
[Date "2023.10.31"]
[WhiteClock "0:01:47"]
[BlackClock "0:00:39"]
[Board "1"]

1. d4 Nf6 2. Nf3 d5 3. c4 c6 4. Nbd2 e6 5. g3 Bd6 6. Bg2 O-O 7. O-O Ne4 8. Nxe4 dxe4 9. Ng5 f5 10. f3 h6 11. Nh3 exf3 12. exf3 e5 13. c5 Be7 14. Qb3+ Kh8 15. dxe5 Bxc5+ 16. Kh1 Qe8 17. f4 Bb6 18. a4 Be6 19. Qc3 a5 20. Be3 Bxe3 21. Qxe3 Na6 22. Rad1 Nb4 23. Rd6 Bd5 24. Nf2 Rd8 25. Rxd8 Qxd8 26. Rd1 Bxg2+ 27. Kxg2 Nd5 28. Qc5 Re8 29. Rd3 Qc7 30. Rxd5 b6 31. Qc2 Qb7 32. Rd6 c5+ 33. Kg1 1-0


[Site "https://www.chess.com"]

[Event "Titled Tuesday Blitz October 31 Late 2023"]
[White "Korchmar, Vasiliy"]
[Black "Martinez Alcantara, Jose Eduardo"]
[WhiteFideId "24131750"]
[BlackFideId "3805662"]
[WhiteElo "2739"]
[BlackElo "3119"]
[Result "0-1"]
[Round "3"]
[TimeControl "180+1"]
[Date "2023.10.31"]
[WhiteClock "0:00:00"]
[BlackClock "0:01:24"]
[Board "2"]

1. e4 c5 2. d4 cxd4 3. Qxd4 Nc6 4. Qd3 d6 5. Nc3 Nf6 6. Nf3 e6 7. Bf4 e5 8. Bg5 Be7 9. O-O-O Be6 10. Bxf6 gxf6 11. Nd5 Rc8 12. Kb1 Qa5 13. a3 Rg8 14. Nxe7 Nxe7 15. Qxd6 Rg4 16. Bd3 Rxg2 17. Rhg1 Rxf2 18. Rg7 Qc5 19. Qxc5 Rxc5 20. Rxh7 Ng6 21. Rf1 Rcxc2 22. Rxf2 Rxf2 23. Bb5+ Kf8 24. Ne1 Kg8 25. Rh6 Kg7 26. Rh5 Bg4 0-1


[Site "https://www.chess.com"]

[Event "Titled Tuesday Blitz October 31 Late 2023"]
[White "Andreikin, Dmitry"]
[Black "Harikrishnan.A.Ra"]
[WhiteFideId "4158814"]
[BlackFideId "5081483"]
[WhiteElo "3109"]
[BlackElo "2738"]
[Result "1-0"]
[Round "3"]
[TimeControl "180+1"]
[Date "2023.10.31"]
[WhiteClock "0:01:27"]
[BlackClock "0:00:05"]
[Board "3"]

1. e4 e5 2. Nf3 Nf6 3. Nxe5 d6 4. Nf3 Nxe4 5. Bd3 d5 6. O-O Bd6 7. Nc3 Nxc3 8. dxc3 O-O 9. Re1 h6 10. Be3 c6 11. Qd2 Qf6 12. Bd4 Qf4 13. Re3 Be6 14. g3 Qg4 15. Ne5 Bxe5 16. Bxe5 Nd7 17. Rae1 Nxe5 18. Rxe5 Rad8 19. f4 c5 20. Qf2 b6 21. Be2 Qg6 22. f5 Qf6 23. fxe6 Qxe5 24. Bb5 fxe6 25. Rxe5 Rxf2 26. Kxf2 Kf7 27. c4 Kf6 28. Re3 d4 29. Ra3 a5 30. Rf3+ Ke7 31. Bc6 Kd6 32. Be4 Ke5 33. Bd3 Rd7 34. Bg6 Rb7 35. Rf7 Rb8 36. a4 Rd8 37. Kf3 Rg8 38. h4 Rd8 39. h5 Rb8 40. Rxg7 Kf6 41. Rf7+ Kg5 42. Ke4 Rd8 43. Ke5 Kg4 44. Kxe6 Kxg3 45. Rh7 Kf4 46. Rxh6 Kg5 47. Rh7 Rf8 48. Rf7 Re8+ 49. Kd5 Re1 50. Rf5+ Kh6 51. Re5 Rb1 52. b3 Rg1 53. Kc6 Kg7 54. Kxb6 Kf6 55. Rxc5 Rg3 56. Kxa5 Kg7 57. Kb4 Kh6 58. Bd3 Rg1 59. a5 Rg7 60. a6 Ra7 61. Kb5 Ra8 62. Kb6 Rb8+ 63. Kc7 Ra8 64. Kb7 Rf8 65. a7 Rf7+ 66. Rc7 Rf8 67. a8=Q Rg8 68. Qxg8 Kxh5 69. Rh7# 1-0


[Site "https://www.chess.com"]

[Event "Titled Tuesday Blitz October 31 Late 2023"]
[White "Darini, Pouria"]
[Black "Hakobyan, Aram"]
[WhiteFideId "12502200"]
[BlackFideId "13306677"]
[WhiteElo "2737"]
[BlackElo "3070"]
[Result "1-0"]
[Round "3"]
[TimeControl "180+1"]
[Date "2023.10.31"]
[WhiteClock "0:00:05"]
[BlackClock "0:00:02"]
[Board "4"]

1. e4 c5 2. Nc3 e6 3. Nf3 Nc6 4. Bb5 Nge7 5. O-O Nd4 6. Re1 a6 7. Bf1 Nec6 8. d3 Be7 9. Nxd4 cxd4 10. Ne2 O-O 11. Ng3 d5 12. exd5 Qxd5 13. Be2 e5 14. Bf3 Qd6 15. c4 dxc3 16. bxc3 Rd8 17. Be4 g6 18. Qe2 Be6 19. a4 Qc7 20. Bxc6 bxc6 21. c4 c5 22. Bb2 f6 23. f4 Rab8 24. fxe5 f5 25. Bc3 Qd7 26. Red1 f4 27. Ne4 Bg4 28. Qf1 Bxd1 29. Rxd1 Qf5 30. Qf3 Rb3 31. Rf1 h5 32. h3 Kh7 33. Kh2 Rd7 34. Rd1 Ra3 35. a5 Ra2 36. Rb1 Bh4 37. e6 Bg3+ 38. Nxg3 fxg3+ 39. Qxg3 Qxe6 40. Rb8 Rg7 41. Bxg7 Kxg7 42. Rb7+ Kh6 43. Qf4+ g5 44. Qf8+ Kg6 45. Rg7+ Kh6 46. Qh8# 1-0


[Site "https://www.chess.com"]

[Event "Titled Tuesday Blitz October 31 Late 2023"]
[White "Pranav, V"]
[Black "Maximov, Dmitry"]
[WhiteFideId "25060783"]
[BlackFideId "14105659"]
[WhiteElo "3047"]
[BlackElo "2729"]
[Result "1-0"]
[Round "3"]
[TimeControl "180+1"]
[Date "2023.10.31"]
[WhiteClock "0:00:10"]
[BlackClock "0:00:05"]
[Board "5"]

1. e4 c5 2. Nf3 d6 3. d4 cxd4 4. Nxd4 Nf6 5. Nc3 a6 6. Bg5 Nbd7 7. Be3 Nc5 8. f3 e6 9. g4 Be7 10. h4 Nfd7 11. b4 Bxh4+ 12. Rxh4 Qxh4+ 13. Bf2 Qf6 14. g5 Qxg5 15. bxc5 dxc5 16. Nb3 O-O 17. Qd6 Qf6 18. Na4 c4 19. Nd4 b5 20. Nb6 Nxb6 21. Qxb6 Qf4 22. Be2 Rb8 23. Qc5 Bb7 24. Qh5 Rfd8 25. Qh3 g6 26. Rd1 e5 27. Bg3 Qg5 28. Ne6 fxe6 29. Qxe6+ Kf8 30. Rxd8+ Rxd8 31. Kf2 Qe7 32. Qb6 Rd6 33. Qe3 Re6 34. Bf1 Kg7 35. Bh3 Rd6 36. Qc3 Rd4 37. Qe3 Qc5 38. Ke2 h6 39. c3 Rxe4 40. fxe4 Qxe3+ 41. Kxe3 Kf6 42. Bd7 h5 43. Be8 Bc8 44. Bf2 Bg4 45. Be1 g5 46. a4 bxa4 47. Bxa4 h4 48. Bc6 Bh3 49. Bd5 Bf1 50. Bf2 a5 51. Bc6 Kg6 52. Be8+ Kf6 53. Kf3 Bd3 54. Bb5 Kg6 55. Bb6 Kh5 56. Be8+ Kh6 57. Bxa5 h3 58. Bc6 h2 59. Kg2 g4 60. Kxh2 Kg5 61. Kg3 Be2 62. Bd8+ Kg6 63. Bd7 Bf3 64. Bf5+ Kf7 65. Kf2 Ke8 66. Bc7 Ke7 67. Bxe5 Kf7 68. Ke3 Ke7 69. Bg3 Kf7 70. e5 Ke7 71. Bh4+ Kf7 72. e6+ Kf8 73. e7+ Kf7 74. Bg6+ 1-0


[Site "https://www.chess.com"]

[Event "Titled Tuesday Blitz October 31 Late 2023"]
[White "Djokic, Mihailo"]
[Black "Terry, Renato"]
[WhiteFideId "976440"]
[BlackFideId "3803457"]
[WhiteElo "2724"]
[BlackElo "3025"]
[Result "1-0"]
[Round "3"]
[TimeControl "180+1"]
[Date "2023.10.31"]
[WhiteClock "0:00:06"]
[BlackClock "0:00:02"]
[Board "6"]

1. e4 e6 2. d4 d5 3. Nc3 Nf6 4. Bg5 Bb4 5. e5 h6 6. Bh4 g5 7. Bg3 Ne4 8. Ne2 c5 9. a3 Nxc3 10. Nxc3 cxd4 11. axb4 dxc3 12. bxc3 Qc7 13. Qd2 Nc6 14. h4 g4 15. Be2 h5 16. O-O Ne7 17. Bd3 Qb6 18. Kh2 Bd7 19. f3 Bb5 20. fxg4 hxg4 21. Bxb5+ Qxb5 22. Rf4 Nf5 23. Rxg4 a6 24. c4 dxc4 25. Ra5 Qd7 26. Qc3 b5 27. Qa1 Qc6 28. Ra3 Kd7 29. Bf2 Kc7 30. g3 Kb7 31. Qe1 Rad8 32. Ra1 Qf3 33. Rf4 Qc6 34. Qe2 Rd7 35. Rd1 Kc8 36. Rxd7 Kxd7 37. h5 Kc8 38. g4 Nh6 39. Qe3 Qd5 40. Qc5+ Qxc5 41. Bxc5 Kd7 42. Kg3 Rg8 43. Kh4 Kc6 44. Be3 Kd5 45. c3 Kxe5 46. Rd4 Rh8 47. Rd7 f6 48. Kg3 Nf5+ 49. gxf5 Kxf5 50. h6 e5 51. Kf3 Ke6 52. Ra7 Kf5 53. Rxa6 Rd8 54. h7 Rh8 55. Ra7 Kg6 56. Ke4 Re8 57. Bc5 f5+ 58. Kd5 e4 59. Bd4 e3 60. h8=Q Rxh8 61. Bxh8 e2 62. Re7 1-0


[Site "https://www.chess.com"]

[Event "Titled Tuesday Blitz October 31 Late 2023"]
[White "Yoo, Christopher Woojin"]
[Black "Krallis, Christos"]
[WhiteFideId "30909694"]
[BlackFideId "4298896"]
[WhiteElo "3014"]
[BlackElo "2717"]
[Result "0-1"]
[Round "3"]
[TimeControl "180+1"]
[Date "2023.10.31"]
[WhiteClock "0:00:01"]
[BlackClock "0:00:04"]
[Board "7"]

1. Nf3 Nf6 2. c4 c5 3. Nc3 Nc6 4. g3 g6 5. Bg2 Bg7 6. O-O O-O 7. d3 d6 8. Rb1 Rb8 9. a3 a6 10. b4 cxb4 11. axb4 b5 12. cxb5 axb5 13. Bd2 Bd7 14. h3 d5 15. Bg5 d4 16. Bxf6 exf6 17. Ne4 Be6 18. Qc2 Bd5 19. Nfd2 f5 20. Nc5 Bxg2 21. Kxg2 Qd5+ 22. Nf3 Rfc8 23. Rfc1 Bh6 24. Rd1 Nxb4 25. Rxb4 Rxc5 26. Qb3 Qxb3 27. Rxb3 Bg7 28. Rdb1 h6 29. Rb4 Rd5 30. h4 Kh7 31. Kf1 Bf6 32. Rc1 g5 33. hxg5 hxg5 34. Rc6 Kg7 35. Kg2 g4 36. Ne1 Be7 37. Rb3 Re5 38. Nc2 Rd8 39. e3 dxe3 40. fxe3 Red5 41. d4 b4 42. Kf2 Ra5 43. Ke2 Rh8 44. Kd3 Rh3 45. Rc7 Bf8 46. Rd7 Rxg3 47. d5 f4 48. Ke4 f3 49. Nd4 Kg6 50. Nf5 Rg1 51. Rb2 b3 52. Kf4 Ra4+ 53. e4 Ra2 54. Rxb3 f2 55. Rb6+ Kh7 56. Rxf7+ Kg8 57. Rxf8+ Kxf8 58. Rb8+ Kf7 59. Rb7+ Ke8 60. Nd6+ Kd8 61. Nf7+ Ke8 62. Nd6+ Kf8 63. Rb8+ Ke7 64. Nf5+ Kd7 65. Rb7+ Kd8 66. Ne3 f1=Q+ 67. Nxf1 Rxf1+ 68. Ke5 g3 69. Rb8+ Kc7 70. Rg8 g2 71. Ke6 g1=Q 72. d6+ Kb7 73. Rxg1 Rxg1 74. d7 Kc7 75. Ke7 Rg8 76. e5 Rg7+ 0-1


[Site "https://www.chess.com"]

[Event "Titled Tuesday Blitz October 31 Late 2023"]
[White "Erenberg, Ariel"]
[Black "Bortnyk, Mykola"]
[WhiteFideId "2811634"]
[BlackFideId "14120836"]
[WhiteElo "2717"]
[BlackElo "3005"]
[Result "0-1"]
[Round "3"]
[TimeControl "180+1"]
[Date "2023.10.31"]
[WhiteClock "0:00:16"]
[BlackClock "0:01:21"]
[Board "8"]

1. e4 Nf6 2. e5 Nd5 3. d4 d6 4. c4 Nb6 5. f4 dxe5 6. fxe5 Nc6 7. Be3 Bf5 8. Nc3 e6 9. Nf3 Qd7 10. a3 Be7 11. Bd3 Bg4 12. O-O O-O-O 13. Ne2 Bxf3 14. Rxf3 Nxe5 15. dxe5 Qxd3 16. Qf1 Nxc4 17. Bxa7 Qd5 18. Rxf7 Rhf8 19. Nc3 Qc6 20. Bd4 Nd2 21. Qf4 Nb3 22. Rd1 g5 23. Qf2 Nxd4 24. Rxd4 Bc5 25. Rxf8 Rxf8 0-1


[Site "https://www.chess.com"]

[Event "Titled Tuesday Blitz October 31 Late 2023"]
[White "Rohan, Ahuja"]
[Black "Elsa167"]
[WhiteFideId "5090598"]
[WhiteElo "2716"]
[BlackElo "2968"]
[Result "0-1"]
[Round "3"]
[TimeControl "180+1"]
[Date "2023.10.31"]
[WhiteClock "0:00:23"]
[BlackClock "0:00:09"]
[Board "9"]

1. Nf3 Nf6 2. g3 g6 3. Bg2 Bg7 4. b3 O-O 5. Bb2 d6 6. d4 a5 7. a4 c6 8. O-O Bf5 9. Nbd2 Ne4 10. Nh4 Nxd2 11. Qxd2 Be6 12. e4 Na6 13. f4 Bd7 14. h3 c5 15. e5 cxd4 16. exd6 exd6 17. Bxb7 Bxh3 18. Bxa8 Bxf1 19. Rxf1 Qxa8 20. Bxd4 Bxd4+ 21. Qxd4 Nc5 22. Re1 Re8 23. Rxe8+ Qxe8 24. Kf1 Qc6 25. Kg1 Ne4 26. Qd3 Qc5+ 27. Kh2 d5 28. Ng2 Nf2 29. Qe2 h5 30. Nh4 Ng4+ 31. Kg2 Ne3+ 32. Kh3 d4 33. Nf3 Qc8+ 34. Kh2 Nxc2 35. Qe4 Ne3 36. Nxd4 Ng4+ 37. Kg2 Qc3 38. Ne2 Qc5 39. Qf3 Qe7 40. Kg1 Qc5+ 41. Kg2 Qb6 42. Kh3 Nf2+ 43. Kg2 Ng4 44. Kh3 Kg7 45. Kg2 Qb4 46. Qc3+ Qxc3 47. Nxc3 Ne3+ 48. Kf3 Nc2 49. Nd5 Nd4+ 50. Ke4 Nxb3 51. Nb6 Kf6 52. Kd5 Kf5 53. Kc4 Nd2+ 54. Kb5 Kg4 55. Kxa5 Kxg3 56. Kb5 h4 57. a5 h3 58. a6 h2 59. a7 h1=Q 60. a8=Q Qxa8 61. Nxa8 Kxf4 62. Nc7 g5 63. Kc5 g4 64. Kd4 g3 65. Nd5+ Kf3 66. Ne3 Nb3+ 67. Kd3 Nc5+ 68. Kd4 Ne6+ 69. Kd3 Nf4+ 70. Kd4 Ne2+ 71. Kd3 f6 72. Nf5 Nf4+ 73. Kd4 g2 74. Nh4+ Kg4 75. Nxg2 Nxg2 76. Ke4 f5+ 77. Ke5 f4 78. Kf6 f3 79. Kg6 f2 80. Kf6 f1=Q+ 81. Ke5 0-1


[Site "https://www.chess.com"]

[Event "Titled Tuesday Blitz October 31 Late 2023"]
[White "Hong, Andrew"]
[Black "Hamitevici, Vladimir"]
[WhiteFideId "2099438"]
[BlackFideId "13902393"]
[WhiteElo "2960"]
[BlackElo "2715"]
[Result "1-0"]
[Round "3"]
[TimeControl "180+1"]
[Date "2023.10.31"]
[WhiteClock "0:01:27"]
[BlackClock "0:00:04"]
[Board "10"]

1. e4 d6 2. d4 g6 3. Nc3 c6 4. f4 d5 5. e5 h5 6. Nf3 Bg4 7. h3 Bxf3 8. Qxf3 e6 9. Be3 Nd7 10. Bd3 c5 11. O-O cxd4 12. Bxd4 Ne7 13. Ne2 Nf5 14. Bf2 Bc5 15. c4 Bxf2+ 16. Qxf2 dxc4 17. Bxc4 Qb6 18. Rac1 Ne3 19. Rfe1 Ke7 20. Bb3 Rac8 21. Qh4+ f6 22. exf6+ Nxf6 23. Kh1 Rxc1 24. Nxc1 Rd8 25. Qg3 Nfd5 26. Qxg6 Qd4 27. Nd3 Rf8 28. Bxd5 exd5 29. Qg3 1-0


[Site "https://www.chess.com"]

[Event "Titled Tuesday Blitz October 31 Late 2023"]
[White "Bok, Benjamin"]
[Black "Annaberdiyev, Meylis"]
[WhiteFideId "1017063"]
[BlackFideId "14000563"]
[WhiteElo "2957"]
[BlackElo "2699"]
[Result "1-0"]
[Round "3"]
[TimeControl "180+1"]
[Date "2023.10.31"]
[WhiteClock "0:01:29"]
[BlackClock "0:00:04"]
[Board "11"]

1. d4 Nf6 2. c4 e6 3. Nc3 d5 4. cxd5 exd5 5. Bg5 c6 6. e3 Bd6 7. Bd3 O-O 8. Nf3 Re8 9. O-O a5 10. Re1 h6 11. Bxf6 Qxf6 12. e4 Bb4 13. exd5 Rd8 14. Qe2 Bg4 15. Qe4 Qg6 16. Qe8+ Rxe8 17. Rxe8+ Kh7 18. Bxg6+ fxg6 19. Ne5 Bf5 20. dxc6 bxc6 21. g4 Bc2 22. Rc1 Bxc3 23. bxc3 Ba4 24. Rb1 1-0


[Site "https://www.chess.com"]

[Event "Titled Tuesday Blitz October 31 Late 2023"]
[White "Janaszak, Dawid"]
[Black "Chigaev, Maksim"]
[WhiteFideId "1119206"]
[BlackFideId "4108116"]
[WhiteElo "2686"]
[BlackElo "2940"]
[Result "0-1"]
[Round "3"]
[TimeControl "180+1"]
[Date "2023.10.31"]
[WhiteClock "0:00:46"]
[BlackClock "0:00:22"]
[Board "12"]

1. d4 Nf6 2. Bf4 d6 3. Nf3 g6 4. Nc3 Bg7 5. e4 O-O 6. Qd2 Nc6 7. Bh6 Bg4 8. Bxg7 Kxg7 9. d5 Bxf3 10. gxf3 Ne5 11. Be2 c6 12. f4 Ned7 13. f5 cxd5 14. fxg6 hxg6 15. exd5 Rc8 16. O-O-O Qa5 17. Kb1 Rxc3 18. Qxc3 Qxc3 19. bxc3 Ne4 20. Rde1 Nxf2 21. Rhf1 Ne4 22. Kb2 Ne5 23. Bd3 Nc5 24. Re3 Rh8 25. Rh1 Rh4 26. Be2 f5 27. h3 f4 28. Rxe5 dxe5 29. Bg4 e4 30. c4 Kf6 31. Kc3 Ke5 32. Rb1 b6 33. Kd2 Nb7 34. a4 Nd6 35. Kc3 e3 36. a5 Ne4+ 37. Kb4 Rxg4 38. hxg4 f3 39. axb6 axb6 40. Kb5 0-1


[Site "https://www.chess.com"]